 Dungeon Crawl Stone Soup version 0.22.0-38-g04b72b8c25 (webtiles) character file.

87 Jynx the Chiller (level 4, -1/30 HPs)
             Began as a Merfolk Ice Elementalist on Aug 30, 2018.
             Slain by an orc
             ... wielding a +0 hand axe
              (4 damage)
             ... on level 3 of the Dungeon.
             The game lasted 00:04:02 (2041 turns).

Jynx the Chiller (Merfolk Ice Elementalist)         Turns: 2041, Time: 00:04:02

Health: -1/30      AC:  2    Str:  5 (8)  XL:     4   Next: 51%
Magic:  1/8        EV: 13    Int: 14 (15) God:
Gold:   157        SH:  0    Dex: 13 (14) Spells: 7/8 levels left

rFire    . . .     SeeInvis .   g - +2 dagger (freeze)
rCold    . . .     Gourm    .   (no shield)
rNeg     . . .     Faith    .   a - +0 robe
rPois    .         Spirit   .   (no helmet)
rElec    .         Reflect  .   (no cloak)
rCorr    .         Harm     .   (no gloves)
MR       .....                  (no boots)
Stlth    ++........             (no amulet)
HPRegen  0.10/turn              (no ring)
MPRegen  0.11/turn              (no ring)

@: no status effects
A: change form in water, swift swim, stealthy swim
a: no special abilities


You were on level 3 of the Dungeon.
You were not hungry.

You visited 1 branch of the dungeon, and saw 4 of its levels.

You collected 157 gold pieces.

Inventory:

Hand Weapons
 f - a +0 dagger
 g - a +2 dagger of freezing (weapon)
Armour
 a - a +0 robe (worn)
Jewellery
 m - an uncursed ring of stealth {unknown}
Scrolls
 b - 2 scrolls of remove curse
 d - a scroll of magic mapping {unknown}
 k - 2 scrolls of enchant armour {unknown}
 l - a scroll of blinking {unknown}
 o - a scroll of amnesia {unknown}
 p - a scroll of identify {unknown}
Potions
 e - a potion of degeneration
 h - a potion of flight {unknown}
 i - 2 potions of curing {unknown}
 j - a potion of might {unknown}
 n - a potion of haste {unknown}
Comestibles
 c - 6 rations
 q - 2 chunks of flesh


   Skills:
 + Level 1.9 Short Blades
 - Level 2.6 Dodging
 - Level 2.1 Stealth
 + Level 2.7 Spellcasting
   Level 0.7 Conjurations
 * Level 4.7 Ice Magic


You had 7 spell levels left.
You knew the following spells:

 Your Spells              Type           Power        Failure   Level  Hunger
a - Freeze                Ice            ###.         3%          1    #......

Your spell library contained the following spells:

 Spells                   Type           Power        Failure   Level  Hunger
 Throw Frost              Conj/Ice       #.....       11%         2    ###....
 Ozocubu's Armour         Chrm/Ice       #.......     26%         3    ###....
 Throw Icicle             Conj/Ice       #.......     56%         4    #####..
 Summon Ice Beast         Ice/Summ       #.......     63%         4    #####..


Dungeon Overview and Level Annotations

Branches:
Dungeon (4/15)
 Temple: D:4-7

Altars:
Makhleb


Message History

You hit the orc wizard but do no damage.
The orc wizard is lightly wounded.
The orc wizard casts a spell at you. The magic dart hits you!
* * * LOW HITPOINT WARNING * * *
You closely miss the orc wizard.
The orc wizard is lightly wounded.
The orc throws a tomahawk.
The tomahawk closely misses you.
As you read the scroll labeled QAFYIK IPPUE, it crumbles to dust.
You feel blessed for a moment.
It was a scroll of remove curse.
The orc throws a tomahawk.
The tomahawk hits you.
* * * LOW HITPOINT WARNING * * *
The orc wizard hits you with a dagger.
* * * LOW HITPOINT WARNING * * *
Okay, then.
It was a potion of degeneration.
There was something very wrong with that liquid.
You feel weakened.
You feel dopey.
You feel clumsy. The orc hits you with a hand axe.
You die...

# .## ..# ....## #.#
#...###
#(############.†.#
#...........# #...
#...........##..#.
#.........).#..###
#.............####
#@o..........###..
####o##########.#...#
#...o# #.[.....###
.....##.# #..#...###
.#.. #.# ......###
... ... ...## .. #..
#.. # #... ... ....
##


You could see an orc wizard and 2 orcs.

Vanquished Creatures
  3 adders
  2 dart slugs (D:2)
  A leopard gecko (D:1)
  2 orcs (D:3)
  A ball python (D:3)
  5 giant cockroaches
  11 goblins
  A hobgoblin (D:2)
  3 jackals (D:2)
  8 kobolds
  A quokka (D:3)
  3 bats
  2 frilled lizards
  9 rats
52 creatures vanquished.

Notes
Turn   | Place    | Note
-------+----------+-------------------------------------------
     0 | D:1      | Jynx the Merfolk Ice Elementalist began the quest for the Orb.
     0 | D:1      | Reached XP level 1. HP: 13/13 MP: 3/3
   331 | D:1      | Reached XP level 2. HP: 10/19 MP: 1/5
   937 | D:1      | Reached skill level 4 in Ice Magic
  1014 | D:1      | Reached XP level 3. HP: 24/24 MP: 6/6
  1296 | D:2      | Reached skill level 1 in Short Blades
  1551 | D:2      | Reached XP level 4. HP: 24/30 MP: 5/7
  1658 | D:2      | Found a burning altar of Makhleb.
  1879 | D:2      | You fall through a shaft for 2 floors!
  2041 | D:3      | Slain by an orc

Skill      XL: |  1  2  3 |
---------------+----------+-----
Ice Magic      | 4 |  4.7
Short Blades   | 1 |  1.9
Dodging        | |  2.6
Stealth        | |  2.1
Spellcasting   | |  2.7
Conjurations   | |  0.7

Action                   |  1- 3 |  4- 6 || total
-------------------------+-------+-------++-------
Melee: Unarmed           |    20 |       ||    20
       Dagger            |    71 |    30 ||   101
 Cast: Freeze            |    16 |    19 ||    35
  Use: Scroll            |       |     1 ||     1
       Potion            |       |     1 ||     1
 Stab: Sleeping          |     7 |     3 ||    10
  Eat: Chunk             |     2 |     2 ||     4
Armor: Robe              |     8 |     3 ||    11
Dodge: Dodged            |    72 |    26 ||    98
